 Dungeon Crawl Stone Soup version 0.21.1-1-g345015f (webtiles) character file.

18204 letownia2 the Black Belt (level 12, 0/91 HPs)
             Began as a Merfolk Transmuter on Mar 14, 2018.
             Was a High Priest of Cheibriados.
             Slain by a chaos spawn (5 damage)
             ... summoned by an orc sorcerer
             ... led by an orc high priest
             ... while paralysed by an orc sorcerer
             ... on level 1 of the Orcish Mines.
             The game lasted 00:36:08 (4490 turns).

letownia2 the Black Belt (Merfolk Transmuter)       Turns: 4490, Time: 00:36:09

Health: 0/91       AC:  6    Str: 25    XL:     12   Next: 56%
Magic:  14/18      EV:  2    Int: 24    God:    Cheibriados [*****.]
Gold:   661        SH:  0    Dex: 32    Spells: 0/18 levels left

rFire    . . .     SeeInvis +     - Unarmed
rCold    . . .     Gourm    .   (no shield)
rNeg     . . .     Faith    .   w - +1 scale mail of Context {Dex+4 Slay+6 Stlth-}
rPois    .         Spirit   .   (no helmet)
rElec    .         Reflect  .   (no cloak)
rCorr    .         Harm     .   G - +2 pair of gloves
MR       .....                  (no boots)
Stlth    ..........             (no amulet)
HPRegen  0.25/turn              n - ring of wizardry
MPRegen  0.16/turn              t - ring "Yzenes" {Dex+2 SInv}

@: paralysed, corroded, drained, very slow
A: change form in water, swift swim, stealthy swim
a: Bend Time, Temporal Distortion, Slouch, Step From Time, Renounce Religion


You were on level 1 of the Orcish Mines.
You worshipped Cheibriados.
Cheibriados was extremely pleased with you.
You were not hungry.

You visited 3 branches of the dungeon, and saw 15 of its levels.
You also visited: Bailey.

You collected 707 gold pieces.
You spent 46 gold pieces at shops.

Inventory:

Hand Weapons
 c - a +0 blowgun
 l - a +4 scythe of flaming
 z - a +0 arbalest
 E - a +0 glaive
 K - a +4 halberd
Missiles
 a - 57 arrows
 i - 6 steel tomahawks
 m - 19 tomahawks (quivered)
 y - 7 curare-tipped needles
 A - 71 bolts
 H - 11 poisoned needles
Armour
 k - the +2 leather armour of Summer {rN+ Int+4 Slay-3}
   (You found it on level 4 of the Dungeon)

   It affects your intelligence (+4).
   It affects your accuracy and damage with ranged weapons and melee attacks
   (-3).
   It protects you from negative energy.
 w - the +1 scale mail of Context (worn) {Dex+4 Slay+6 Stlth-}
   (You found it on level 7 of the Dungeon)

   It affects your dexterity (+4).
   It affects your accuracy and damage with ranged weapons and melee attacks
   (+6).
   It makes you less stealthy.
 G - a +2 pair of gloves (worn)
Jewellery
 f - a +2 ring of strength
 g - an uncursed ring of ice
 n - a ring of wizardry (left hand)
 t - the ring "Yzenes" (right hand) {Dex+2 SInv}
   (You found it on level 5 of the Dungeon)

   [ring of see invisible]

   It affects your dexterity (+2).
   It lets you see invisible.
 J - an uncursed ring of teleportation
Wands
 o - a wand of paralysis (13)
 s - a wand of polymorph (5)
 x - a wand of flame (31)
 C - a wand of iceblast (2)
Scrolls
 e - 2 scrolls of amnesia
 j - 2 scrolls of remove curse
 r - 3 scrolls of identify
 u - 2 scrolls of teleportation
 v - a scroll of noise {unknown}
 I - a scroll of immolation
 N - a scroll of enchant weapon
Potions
 h - 4 potions of heal wounds
 q - a potion of flight
Books
 b - a book of Debilitation

   Spells                             Type                      Level
   a - Corona                         Hexes                        1
   b - Slow                           Hexes                        2
   c - Inner Flame                    Hexes/Fire                   3
   d - Portal Projectile              Hexes/Translocation          3
   e - Cause Fear                     Hexes                        4
   f - Leda's Liquefaction            Hexes/Earth                  4
 p - a book of Changes

   Spells                             Type                      Level
   a - Beastly Appendage              Transmutation                1
   b - Sticks to Snakes               Transmutation                2
   c - Spider Form                    Transmutation/Poison         3
   d - Ice Form                       Ice/Transmutation            4
   e - Blade Hands                    Transmutation                5
 L - a Young Poisoner's Handbook

   Spells                             Type                      Level
   a - Sting                          Conjuration/Poison           1
   b - Poisonous Vapours              Poison/Air                   2
   c - Mephitic Cloud                 Conjuration/Poison/Air       3
   d - Olgreb's Toxic Radiance        Poison                       4
   e - Venom Bolt                     Conjuration/Poison           5
Miscellaneous
 B - a sack of spiders
 F - a fan of gales
Comestibles
 d - 9 rations
 D - a chunk of flesh


   Skills:
 - Level 7.5(6.5) Fighting
 - Level 6.0(5.1) Dodging
 - Level 15.3(14.2) Unarmed Combat
 + Level 3.6(2.7) Spellcasting
 * Level 0.5(0.0) Conjurations
 - Level 9.6(8.6) Transmutations
 - Level 3.3(2.4) Ice Magic
 * Level 0.4(0.0) Air Magic
 * Level 1.9(1.1) Poison Magic
 - Level 8.6(7.7) Invocations


You couldn't memorise any spells.
You knew the following spells:

 Your Spells              Type           Power        Failure   Level  Hunger
a - Beastly Appendage     Tmut           #####.       1%          1    None
e - Mephitic Cloud        Conj/Pois/Air  #.......     26%         3    ###....
i - Ice Form              Ice/Tmut       ####....     11%         4    ####...
k - Blade Hands           Tmut           #####.....   9%          5    ######.
l - Sticks to Snakes      Tmut           #####...     1%          2    ##.....
p - Spider Form           Tmut/Pois      ####......   4%          3    ###....


Dungeon Overview and Level Annotations

Branches:
Dungeon (12/15)              Lair (2/6) D:8           Snake (0/4) Lair:2
    Orc (1/2) D:12
 Temple: D:4-7        Swamp: Lair:2-4    Shoals: Lair:2-4

Altars:
Cheibriados
Fedhas
Gozag
Kikubaaqudgha
Qazlal
Uskayaw
Vehumet

Shops:
D:4 [   D:12 *

Annotations:
D:3 Anonimus's ghost, amateur DsFi
D:4 letownia2's ghost, weakling MfSk


Message History

The ogre shouts!
The orc warrior hits you from afar with a glaive!
The orc high priest utters an invocation to Beogh.
The orc warrior hits you with a hand axe!
The orc warrior hits you but does no damage.
The chaos spawn gores you. The chaos spawn shocks you!
The ice devil disappears in a puff of smoke!
The rust devil hits you. The rust devil corrodes you!
The orc warrior hits you with a hand axe!
The orc sorcerer casts a spell at you.
The bolt of negative energy hits the chaos spawn.
The chaos spawn completely resists.
Helpless, you fail to dodge the bolt of negative energy.
You feel drained.
The orc warrior hits you from afar with a glaive!
* * * LOW HITPOINT WARNING * * *
The chaos spawn hits you!
* * * LOW HITPOINT WARNING * * *
You feel drained.
You die...

..o........
.....#....## .
#..........##.#
##.O........).)
#...........)..
#.........o4.).
......$.4...4).
......>@ooo.#
........4o.#.#
............).#
..#........#.##
.........#.# #
....>.......
.......#.. .#
....... ##.##


You could see an orc high priest, an orange demon, a rust devil, a chaos spawn,
an orc sorcerer, a red devil, 3 orc warriors, an ogre and an orc wizard
(wandering).

Vanquished Creatures
  Kirke (D:12)
  A hydra (D:9)
  A centaur warrior (D:9)
  4 two-headed ogres
  Nergalle (D:11)
  An orc knight (Bailey)
  An orc sorcerer (Orc:1)
  Joseph (D:9)
  Psyche (D:11)
  A spiny frog (Lair:1)
  A centaur skeleton (D:10)
  A komodo dragon (Lair:1)
  A troll (D:11)
  Prince Ribbit (D:5)
  2 dream sheep (D:9)
  Sigmund (D:5)
  2 hippogriffs
  9 yaks
  A fire bat (Bailey)
  A basilisk (D:12)
  4 hungry ghosts
  5 hogs (D:12)
  Menkaure (D:5)
  A naga (Lair:2)
  A floating eye (D:9)
  2 ice beasts (D:9)
  11 orc warriors
  4 sky beasts
  2 phantoms
  7 centaurs
  6 ogres
  2 crocodiles
  3 big kobolds (D:9)
  A gnoll sergeant (D:7)
  4 bullfrogs
  6 scorpions
  5 killer bees (D:10)
  6 howler monkeys
  2 bullfrog zombies
  2 crimson imps
  3 centaur zombies
  3 jellies
  A quasit (D:9)
  5 orc priests
  5 orc wizards
  2 bullfrog skeletons
  An iguana (D:8)
  8 worker ants
  3 killer bee zombies
  2 hound skeletons (D:10)
  A worker ant zombie (D:10)
  A howler monkey skeleton (D:10)
  6 adders
  6 gnolls
  A shadow imp (D:11)
  An adder skeleton (D:4)
  4 worms
  A dart slug (D:2)
  3 leopard geckos
  34 orcs
  3 giant cockroaches
  4 goblins
  2 hobgoblins
  13 jackals
  6 kobolds
  2 quokkas
  A ball python (D:4)
  3 bats (D:2)
  A frilled lizard (D:2)
  A quokka zombie (D:9)
  3 rats
238 creatures vanquished.

Vanquished Creatures (others)
  2 fungi (D:8)
2 creatures vanquished.

Grand Total: 240 creatures vanquished

Notes
Turn   | Place    | Note
-------+----------+-------------------------------------------
     0 | D:1      | letownia2 the Merfolk Transmuter began the quest for the Orb.
     0 | D:1      | Reached XP level 1. HP: 15/15 MP: 3/3
   121 | D:2      | Reached XP level 2. HP: 12/21 MP: 3/5
   159 | D:2      | Learned a level 2 spell: Sticks to Snakes
   267 | D:3      | Noticed Anonimus's ghost (amateur DsFi)
   334 | D:2      | Reached XP level 3. HP: 14/26 MP: 4/6
   358 | D:2      | Learned a level 3 spell: Spider Form
   369 | D:2      | Reached skill level 4 in Unarmed Combat
   514 | D:2      | Reached skill level 1 in Poison Magic
   633 | D:5      | Entered Level 5 of the Dungeon
   636 | D:4      | Noticed a scorpion
   654 | D:4      | Killed a scorpion
   654 | D:4      | Reached skill level 5 in Transmutations
   654 | D:4      | Reached XP level 4. HP: 11/32 MP: 4/7
   695 | D:4      | Got a transparent leather armour
   706 | D:4      | Identified the +2 leather armour of Summer {rN+ Int+4 Slay-3} (You found it on level 4 of the Dungeon)
   715 | D:4      | Found Piom's Armour Shoppe.
   736 | D:4      | Reached XP level 5. HP: 19/37 MP: 5/8
   763 | D:5      | Noticed a phantom
   782 | D:4      | Killed a phantom
   782 | D:4      | Reached skill level 5 in Unarmed Combat
   782 | D:4      | Reached XP level 6. HP: 15/43 MP: 6/9
   800 | D:4      | Reached skill level 6 in Unarmed Combat
   808 | D:4      | Found an ancient bone altar of Kikubaaqudgha.
   809 | D:4      | Found a stormy altar of Qazlal.
   816 | D:4      | Found a blossoming altar of Fedhas.
   818 | D:4      | Found an opulent altar of Gozag.
   818 | D:4      | Found a snail-covered altar of Cheibriados.
   838 | D:4      | Became a worshipper of Cheibriados the Contemplative
   884 | D:4      | Noticed a yak
   885 | D:4      | Noticed a yak
   886 | D:4      | Noticed a yak
   887 | D:4      | Noticed a yak
   888 | D:4      | Noticed a yak
   892 | D:4      | Noticed a yak
   898 | D:4      | HP: 1/43 [yak (13)]
   899 | D:4      | Killed a yak
   899 | D:4      | Reached skill level 7 in Unarmed Combat
   899 | D:4      | Reached XP level 7. HP: 2/48 MP: 2/10
   899 | D:4      | Killed a yak
   899 | D:4      | Reached skill level 8 in Unarmed Combat
   922 | D:4      | Noticed letownia2's ghost (weakling MfSk)
   939 | D:4      | Learned a level 4 spell: Ice Form
  1093 | D:5      | Noticed Menkaure
  1105 | D:5      | Killed Menkaure
  1123 | D:5      | HP: 2/52 [centaur zombie (7)]
  1202 | D:5      | Reached XP level 8. HP: 17/58 MP: 1/11
  1321 | D:5      | Found a radiant altar of Vehumet.
  1321 | D:5      | Noticed Sigmund
  1325 | D:5      | Found a hide-covered altar of Uskayaw.
  1334 | D:5      | Killed Sigmund
  1334 | D:5      | Reached skill level 1 in Ice Magic
  1543 | D:6      | Reached * piety under Cheibriados
  1642 | D:5      | Got a clouded pewter ring
  1651 | D:5      | Identified the ring "Yzenes" {Dex+2 SInv} (You found it on level 5 of the Dungeon)
  1674 | D:5      | Noticed Prince Ribbit
  1691 | D:5      | Killed Prince Ribbit
  1691 | D:5      | Reached XP level 9. HP: 35/65 MP: 10/14
  1715 | D:6      | Learned a level 5 spell: Blade Hands
  1743 | D:6      | Reached skill level 9 in Unarmed Combat
  1771 | D:7      | Got a scorched scale mail
  1830 | D:7      | Reached ** piety under Cheibriados
  1885 | D:7      | Reached skill level 5 in Dodging
  1896 | D:7      | Reached skill level 5 in Fighting
  1993 | D:7      | Found a flagged portal.
  2012 | D:7      | Reached skill level 10 in Unarmed Combat
  2133 | Bailey   | Entered a bailey
  2133 | Bailey   | Noticed an orc knight
  2255 | Bailey   | Reached skill level 1 in Invocations
  2390 | Bailey   | Reached XP level 10. HP: 47/75 MP: 15/15
  2398 | Bailey   | Killed an orc knight
  2398 | Bailey   | Reached skill level 11 in Unarmed Combat
  2670 | D:8      | Reached *** piety under Cheibriados
  2686 | D:8      | Found a staircase to the Lair.
  2737 | D:8      | Identified the cursed +1 scale mail of Context {Dex+4 Slay+6 Stlth-} (You found it on level 7 of the Dungeon)
  2740 | Lair:1   | Entered Level 1 of the Lair of Beasts
  2772 | Lair:1   | Noticed a spiny frog
  2777 | Lair:1   | Killed a spiny frog
  2817 | Lair:2   | Found a staircase to the Snake Pit.
  3099 | D:9      | Noticed a two-headed ogre
  3099 | D:9      | Noticed a two-headed ogre
  3102 | D:9      | Paralysed by a floating eye for 3 turns
  3106 | D:9      | Reached skill level 12 in Unarmed Combat
  3109 | D:9      | Killed a two-headed ogre
  3113 | D:9      | Killed a two-headed ogre
  3113 | D:9      | Reached skill level 13 in Unarmed Combat
  3113 | D:9      | Reached XP level 11. HP: 61/80 MP: 10/16
  3188 | D:10     | Entered Level 10 of the Dungeon
  3199 | D:10     | Reached **** piety under Cheibriados
  3246 | D:9      | Noticed a three-headed hydra
  3251 | D:9      | Killed a three-headed hydra
  3251 | D:9      | Reached skill level 14 in Unarmed Combat
  3346 | D:9      | Noticed a two-headed ogre
  3353 | D:9      | Killed a two-headed ogre
  3353 | D:9      | Reached skill level 5 in Invocations
  3459 | D:9      | Noticed a centaur warrior
  3468 | D:9      | Killed a centaur warrior
  3474 | D:9      | Noticed Joseph
  3491 | D:9      | Killed Joseph
  3675 | D:12     | Noticed a two-headed ogre
  3680 | D:12     | Killed a two-headed ogre
  3752 | D:11     | Noticed Nergalle
  3760 | D:11     | Killed Nergalle
  3760 | D:11     | Reached XP level 12. HP: 64/91 MP: 11/18
  3945 | D:12     | Found Jalod's Serpentskin Sales.
  3953 | D:12     | Bought 7 curare-tipped needles for 46 gold pieces
  3997 | D:11     | Found a hide-covered altar of Uskayaw.
  4008 | D:11     | Noticed Psyche
  4012 | D:11     | Killed Psyche
  4404 | D:12     | Noticed Kirke
  4411 | D:12     | Reached ***** piety under Cheibriados
  4453 | D:12     | Killed Kirke
  4453 | D:12     | Reached skill level 15 in Unarmed Combat
  4457 | D:12     | Found a staircase to the Orcish Mines.
  4471 | D:12     | Learned a level 3 spell: Mephitic Cloud
  4483 | Orc:1    | Entered Level 1 of the Orcish Mines
  4483 | Orc:1    | Noticed an orc high priest
  4486 | Orc:1    | Paralysed by an orc sorcerer for 5 turns
  4490 | Orc:1    | Slain by a chaos spawn

Skill      XL: |  1  2  3  4  5  6  7  8  9 10 11 12 |
---------------+-------------------------------------+-----
Transmutations | 3 5 6 9 |  9.6
Unarmed Combat | 4 5 7 8 10 13 14 15 | 15.3
Poison Magic   | 1 |  1.9
Fighting       | 3 4 5 7 |  7.5
Dodging        | 3 6 |  6.0
Ice Magic      | 3 |  3.3
Spellcasting   | 3 |  3.6
Invocations    | 2 4 8 |  8.6
Conjurations   | |  0.5
Air Magic      | |  0.4

Action                   |  1- 3 |  4- 6 |  7- 9 | 10-12 || total
-------------------------+-------+-------+-------+-------++-------
Melee: Unarmed           |   106 |    55 |   215 |   284 ||   660
       Headbutt          |     5 |       |       |       ||     5
       Punch             |       |       |       |    12 ||    12
       Tailslap          |       |       |       |     1 ||     1
 Fire: Arbalest          |       |       |    31 |    17 ||    48
Throw: Tomahawk          |       |       |     6 |     1 ||     7
 Cast: Beastly Appendage |    12 |     1 |       |       ||    13
       Sticks to Snakes  |     2 |       |       |     1 ||     3
       Spider Form       |     4 |     7 |    29 |    12 ||    52
       Blade Hands       |       |       |       |    11 ||    11
       Ice Form          |       |       |       |     4 ||     4
Invok: Bend Time         |       |     1 |     1 |       ||     2
       Temporal Distorti |       |       |       |     2 ||     2
       Slouch            |       |       |       |     2 ||     2
 Abil: End Transformatio |       |       |     1 |     2 ||     3
Evoke: Wand              |       |       |     6 |     3 ||     9
       Sack of spiders   |       |       |       |     1 ||     1
  Use: Scroll            |       |     3 |     1 |     6 ||    10
       Potion            |       |     2 |     2 |     1 ||     5
  Eat: Chunk             |       |     2 |     8 |     8 ||    18
       Ration            |       |       |       |     1 ||     1
Armor: Robe              |    16 |       |       |       ||    16
       Skin              |       |     1 |     9 |     2 ||    12
       Leather armour    |       |     1 |     5 |       ||     6
       Scale mail        |       |       |       |    51 ||    51
Dodge: Dodged            |    77 |    41 |   196 |   219 ||   533
